AoeStats
← tom.bombadilo

Arabia

510282023Analyzed
1v1 RM · 2d ago on Sep 30, 2026· 20m 19s· 2 players
Game mode
Random Map
Map size
Tiny (2 player)
Population
200
Speed
Normal
Resources
Standard
Victory
Conquest
Starting age
Dark Age
Ending age
Imperial Age
RankedLock teamsTeams togetherTeam positionsShared explorationLock speedFull tech treeHidden civsTurbo modeCheats
Victory
Defeat
🇬🇧 Inca · United Kingdom
1224
+15
🇺🇸 Vietnamese · United States
1198
-15
tom.bombadilo
7:10 Loom
9:26 Feudal Age
9:52 Man-at-Arms
10:49 Town Watch
15:55 Fletching
18:49 Scale Mail Armor
Propaganda
5:42 Loom
6:59 Loom
9:49 Feudal Age
12:03 Champi Runner
12:50 Double-Bit Axe
17:18 Forging
17:44 Scale Mail Armor
Connection lost

Rejoining the realm…

Still unreachable

The connection could not be restored.

Session expired

The server has moved on; the page needs a fresh start.